 Dungeon Crawl Stone Soup version 0.30.0-15-g856e2d3f33 (webtiles) character file.

Game seed: 9576666254330802175

47 Esekla the Grave Robber (level 3, 0/30 HPs)
             Began as a Tengu Necromancer on May 19, 2023.
             Succumbed to a goblin's poison
             ... on level 2 of the Dungeon.
             The game lasted 00:17:02 (1911 turns).

Esekla the Grave Robber (Tengu Necromancer)         Turns: 1911, Time: 00:17:03

Health: 0/30       AC:  2    Str:  8    XL:     3   Next: 70%
Magic:  7/7        EV: 13    Int: 17    God:
Gold:   133        SH:  0    Dex: 14    Spells: 5/6 levels left

rFire   . . .        k - +0 short sword
rCold   . . .        (no shield)
rNeg    . . .        a - +0 robe
rPois   .            (helmet restricted)
rElec   .            (no cloak)
rCorr   .            (no gloves)
SInv    .            (boots unavailable)
Will    .....        (no amulet) Stlth
                     (no ring)
HPRegen 0.25/turn    (no ring)
MPRegen 0.10/turn

%: no passive effects
@: berserking (expiring), lethally poisoned (0 -> -4), very quick
A: beak, talons 3
a: no special abilities


You were on level 2 of the Dungeon.
You visited 1 branch of the dungeon, and saw 2 of its levels.

You collected 133 gold pieces.

Inventory:

Hand Weapons
 i - a +1 dagger of venom
 k - a +0 short sword (weapon)
Missiles
 g - 9 poisoned darts
Armour
 a - a +0 robe (worn)
Scrolls
 c - a scroll of amnesia {unknown}
 d - a scroll of enchant armour {unknown}
 e - 2 scrolls of blinking {unknown}
 f - a scroll of acquirement {unknown}
 h - a scroll of teleportation {unknown}
Potions
 b - a potion of magic
 j - a potion of cancellation {unknown}


   Skills:
 * Level 0.7 Fighting
 * Level 2.9 Dodging
 + Level 2.1 Stealth
 * Level 2.2 Spellcasting
 + Level 5.1 Necromancy


You had 5 spell levels left.
You knew the following spells:

 Your Spells              Type           Power      Damage    Failure   Level
a - Necrotise             Necr           76%        1d7       2%          1

Your spell library contained the following spells:

 Spells                   Type           Power      Damage    Failure   Level
 Vampiric Draining        Necr           19%        2d7       7%          3
 Animate Dead             Necr           19%        N/A       22%         4
 Stone Arrow              Conj/Erth      2%         3d7       50%         3
 Agony                    Necr           19%        N/A       54%         5
 Animate Armour           Summ/Erth      2%         N/A       88%         4
 Lehudib's Crystal Spear  Conj/Erth      0%         10d2      100%        8


Dungeon Overview and Level Annotations

Branches:
Dungeon (2/15)

Altars:

Annotations:
D:2 Terence


Innate Abilities, Weirdness & Mutations

You have a beak for a mouth.
You have claws for feet.


Message History

The bat hits you but does no damage.
The goblin shoots a sling bullet.
The sling bullet barely misses you. The bat hits you but does no damage.
You hit the bat. You claw the bat.
You kill the bat!
The goblin shoots a sling bullet.
The sling bullet hits you.
The goblin shoots a sling bullet.
The sling bullet barely misses you.
The goblin shoots a sling bullet.
The sling bullet closely misses you.
The goblin shoots a sling bullet.
The sling bullet hits you.
The goblin shoots a sling bullet.
The sling bullet hits you.
* * * LOW HITPOINT WARNING * * *
The goblin unwields a +0 sling.
The goblin wields a +1 dagger of venom.
It begins to drip with poison!
The goblin hits you with a +1 dagger of venom.
* * * LOW HITPOINT WARNING * * *
You are lethally poisoned!
Casting: Necrotise (safe; 2% risk of failure)
Confirm with . or Enter, or press ? or * to list all spells.
You don't know that spell.
There is a lethal amount of poison in your body!
Unknown command.
Okay, then.
You closely miss the goblin. You claw the goblin.
You kill the goblin!
* * * LOW HITPOINT WARNING * * *
You feel very sick.
It was a potion of berserk rage.
A red film seems to cover your vision as you go berserk!
You feel yourself moving faster!
You feel mighty!
* * * LOW HITPOINT WARNING * * *
You feel sick.
You are too berserk!
You are too berserk!
There is a lethal amount of poison in your body!
You feel a strong urge to attack something.
* * * LOW HITPOINT WARNING * * *
You feel sick.
Things that are here:
a +1 dagger of venom; a +0 sling
i - a +1 dagger of venom You die...

##........# #.#.#
#.........###.#.# .
#..........##.#.###..
#.....##.#.#........#
#.....##.#†..........
#.....##.##........#
#.....##.##........#
#.....##.####.###..#
#.....##.# #.@>..#
#.....##.# #.#.###
##########.# ...#.#
..### +....#.# ....#
#....#.# ....#
#....#.# ....#
#....#.# ....#
#....#†# ....# #.#


There were no monsters in sight!

Vanquished Creatures
  A worm (D:2)
  2 ball pythons
  8 bats
  4 endoplasms (D:1)
  A giant cockroach (D:1)
  3 goblins
  2 hobgoblins (D:2)
  8 jackals
  A kobold (D:1)
  A quokka (D:1)
  A frilled lizard (D:2)
  4 rats
36 creatures vanquished.

Notes
Turn   | Place    | Note
-------+----------+-------------------------------------------
     0 | D:1      | Esekla the Tengu Necromancer began the quest for the Orb.
     0 | D:1      | Reached XP level 1. HP: 10/10 MP: 4/4
   266 | D:1      | Reached XP level 2. HP: 15/15 MP: 6/6
   597 | D:1      | Reached skill level 5 in Necromancy
   871 | D:1      | Reached XP level 3. HP: 16/20 MP: 7/7
  1446 | D:2      | Noticed Terence
  1910 | D:2      | HP: 1/30 [poisoned by a goblin]
  1911 | D:2      | Succumbed to a goblin's poison

Illustrated notes

Levels and vault maps discovered:
D:1:      amcnicky_arrival_single_pillar, layout_basic, serial_co_window_serial,
          co_window_corner_a, co_window_of_opportunity_a, co_window_paths_b,
          co_window_corner_a, co_window_paths_a, co_window_broadway_c,
          co_window_corner_cb, co_window_unsneaky_path_d, co_window_4corner_b,
          serial_park_tiny_pond, kennysheep_nondescript
D:2:      layout_basic, minmay_rat_gold_closets, uniq_terence

Skill      XL: |  1  2 |
---------------+-------+-----
Necromancy     | 5 |  5.1
Fighting       | |  0.7
Dodging        | |  2.9
Stealth        | |  2.1
Spellcasting   | |  2.2

Action                     || total
---------------------------++-------
  Melee: Unarmed           ||   164
         Kick              ||    55
         Peck              ||    21
         Short sword       ||     6
         Punch             ||     1
    Use: Potion            ||     1
   Stab: Sleeping          ||     4
 Armour: Robe              ||    44
  Dodge: Dodged            ||   116
